 Dungeon Crawl Stone Soup version 0.22-a0-480-g991dd4b (webtiles) character file.

25851 JeffiDaFish the Eclecticist (level 12, 0/59 HPs)
             Began as a Deep Elf Fire Elementalist on June 15, 2018.
             Was a High Priest of Sif Muna.
             Slain by a freezing wraith (5 damage)
             ... in an ice cave.
             The game lasted 00:50:19 (16326 turns).

JeffiDaFish the Eclecticist (DEFE)                 Turns: 16326, Time: 00:50:20

Health: 0/59       AC:  9    Str:  6    XL:     12   Next: 93%
Magic:  14/42      EV: 19    Int: 28    God:    Sif Muna [*****.]
Gold:   645        SH:  9    Dex: 15    Spells: 21/41 levels left

rFire    + . .     SeeInvis +   x - +6 dagger (flame)
rCold    + + +     Gourm    .   q - +0 buckler
rNeg     . . .     Faith    .   a - +0 robe
rPois    .         Spirit   .   G - +2 helmet {SInv}
rElec    .         Reflect  .   d - +2 cloak
rCorr    +         Harm     .   (no gloves)
MR       +....                  i - +0 pair of boots
Stlth    +.........             (no amulet)
HPRegen  0.19/turn              v - ring of magical power
MPRegen  0.28/turn              m - ring "Tofodaxi" {rCorr rC+++ Int+3 Stlth-}

@: slowed, divine energy, very slow
A: large bone plates 1, fire resistance 1
a: Stop Divine Energy, Channel Magic, Forget Spell, Renounce Religion


You were in an ice cave.
You worshipped Sif Muna.
Sif Muna was extremely pleased with you.
You were not hungry.

You visited 3 branches of the dungeon, and saw 15 of its levels.
You also visited: Ice Cave.

You collected 1068 gold pieces.
You spent 423 gold pieces at shops.

Inventory:

Hand Weapons
 x - a +6 dagger of flaming (weapon)
Armour
 a - a +0 robe (worn)
 d - a +2 cloak (worn)
 e - a +2 hat of magic resistance
 i - a +0 pair of boots (worn)
 q - a +0 buckler (worn)
 G - a +2 helmet of see invisible (worn)
Jewellery
 m - the ring "Tofodaxi" (right hand) {rCorr rC+++ Int+3 Stlth-}
   (You found it on level 5 of the Dungeon)

   [ring of resist corrosion]

   It affects your intelligence (+3).
   It renders you almost immune to cold.
   It makes you less stealthy.
 n - an uncursed ring of protection from fire
 v - a ring of magical power (left hand)
Wands
 h - a wand of flame (13)
 p - a wand of paralysis (24)
 D - a wand of iceblast (12)
Scrolls
 b - 9 scrolls of teleportation
 f - 3 scrolls of blinking
 g - 16 scrolls of identify
 j - 4 scrolls of remove curse
 o - a scroll of amnesia
 w - 2 scrolls of fear
 F - 3 scrolls of magic mapping
Potions
 k - 3 potions of heal wounds
 l - 4 potions of agility
 r - a potion of curing
 s - a potion of berserk rage
 t - 2 potions of invisibility
 A - 3 potions of might
 B - 2 potions of flight
 C - a potion of brilliance
 E - 2 potions of mutation
Comestibles
 c - 28 rations


   Skills:
 + Level 10.4 Dodging
 - Level 2.4 Stealth
 - Level 4.0 Shields
 * Level 15.0 Spellcasting
 * Level 12.7 Conjurations
 + Level 5.2 Hexes
 * Level 10.9 Fire Magic


You had 21 spell levels left.
You knew the following spells:

 Your Spells              Type           Power        Failure   Level  Hunger
a - Flame Tongue          Conj/Fire      #####        1%          1    None
b - Conjure Flame         Conj/Fire      ######..     1%          3    None
c - Sticky Flame          Conj/Fire      ######..     1%          4    None
d - Fireball              Conj/Fire      ######....   1%          5    None
e - Confuse               Hex            ######..     1%          3    None
f - Force Lance           Conj/Tloc      ######..     1%          4    None

Your spell library contained the following spells:

 Spells                   Type           Power        Failure   Level  Hunger
 Cause Fear               Hex            ######....   2%          4    None
 Slow                     Hex            ######..     1%          2    None
 Throw Flame              Conj/Fire      ######       1%          2    None
 Controlled Blink         Tloc           N/A          100%        8    #######
 Tukima's Dance           Hex            ######..     1%          3    None
 Ensorcelled Hibernation  Hex/Ice        #####.       1%          2    None
 Dispersal                Tloc           ###.......   98%         6    ####...
 Corona                   Hex            ######.      1%          1    None
 Portal Projectile        Hex/Tloc       #####.       2%          3    None
 Leda's Liquefaction      Hex/Erth       #####.....   9%          4    None
 Inner Flame              Hex/Fire       ######..     1%          3    None
 Disjunction              Tloc           ###.......   100%        8    #######
 Dazzling Spray           Conj/Hex       ######       1%          3    None
 Gell's Gravitas          Tloc           ###.......   7%          3    None


Dungeon Overview and Level Annotations

Branches:
Dungeon (11/15)            Temple (1/1) D:6            Lair (3/6) D:11
  Swamp (0/4) Lair:3          Orc (0/2) D:9
  Snake: Lair:2-4    Spider: Lair:2-4

Altars:
Ashenzari
Cheibriados
Dithmenos
Elyvilon
Fedhas
Gozag
Hepliaklqana
Kikubaaqudgha
Makhleb
Nemelex Xobeh
Okawaru
Sif Muna
Trog
Uskayaw
Vehumet
Wu Jian
Xom
Yredelemnul
Zin
The Shining One

Shops:
D:4 =   D:10 *

Portals:
Trove: D:11 (show slimy rune of Zot)


Innate Abilities, Weirdness & Mutations

You are partially covered in large bone plates. (SH +4)
Your flesh is heat resistant. (rF+)


Message History

Aiming: Flame Tongue (safe; 1% risk of failure)
Press: ? - help, Shift-Dir - straight line, f/p - freezing wraith
Aim: a freezing wraith (almost destroyed)
The flame tongue hits the freezing wraith.
The freezing wraith appears unharmed.
The freezing wraith is almost destroyed.
The freezing wraith misses you. The freezing wraith barely misses you.
Casting: Flame Tongue (safe; 1% risk of failure)
Confirm with . or Enter, or press ? or * to list all spells.
Aiming: Flame Tongue (safe; 1% risk of failure)
Press: ? - help, Shift-Dir - straight line, f/p - freezing wraith
Aim: a freezing wraith (almost destroyed)
The flame tongue hits the freezing wraith.
The freezing wraith is almost destroyed.
The freezing wraith hits you!
* * * LOW HITPOINT WARNING * * *
The freezing wraith freezes you. You resist.
* * * LOW HITPOINT WARNING * * *
The freezing wraith hits you.
You die...

##..#..## #..##...##
##.####...## ##.....
##..# ##...## #......
#..## ##...# .......
##..# ##..## .......
#..## ######..# #.....
##..# ##...###.##
#.....##.@##
##.....##..# #.....#W.#
#...#...#..# #...##
#..####....# ##.## ##..#
##...# ### ##..## ##.##
##...# ### #### ##....##
##..## #### #......#
##....#####..####.....##


You could see a freezing wraith.

Vanquished Creatures
  Gastronok (Lair:1)
  Harold (Lair:1)
  A hydra (D:10)
  5 two-headed ogres
  4 oklob plants (Lair:2)
  An ugly thing (D:11)
  A cyclops (D:11)
  Joseph (D:7)
  A black mamba (Lair:2)
  A torpor snail (Lair:2)
  4 spiny frogs (Lair:2)
  2 komodo dragons
  6 freezing wraiths (IceCv)
  A troll (D:11)
  2 hornets
  A polar bear (Lair:3)
  A wolf spider simulacrum (IceCv)
  4 hippogriffs
  2 dream sheep (D:10)
  The ghost of jondd19 the Covert, an amateur SpAs (D:4)
  23 yaks
  A basilisk (D:10)
  2 porcupines (Lair:2)
  5 water moccasins
  3 orc warriors
  3 sky beasts
  An alligator simulacrum (IceCv)
  An eye of draining (D:8)
  3 black bears
  11 ice beasts
  4 ogres
  A necrophage (D:5)
  2 phantoms
  6 wolves (Lair:2)
  5 centaurs
  8 crocodiles
  6 big kobolds
  9 bullfrogs
  A wyvern skeleton (D:10)
  3 scorpions
  2 elephant simulacra (IceCv)
  4 howler monkeys
  A centaur zombie (D:5)
  2 quasits
  3 hounds
  5 jellies
  Crazy Yiuf (D:6)
  2 centaur skeletons
  6 orc priests
  6 iguanas
  A bullfrog skeleton (D:9)
  8 orc wizards
  5 worker ants
  A hound skeleton (D:6)
  A howler monkey skeleton (D:6)
  16 adders
  4 shadow imps
  16 white imps
  3 oozes
  3 adder skeletons
  2 dart slugs
  10 leopard geckos
  20 orcs
  4 giant cockroaches
  5 goblins
  10 hobgoblins
  5 jackals
  18 kobolds
  4 quokkas
  2 bats (D:1)
  3 frilled lizards
  A jackal skeleton (D:7)
  A quokka skeleton (D:4)
  6 rats
  2 fungi (Lair:1)
  2 plants (Lair:2)
324 creatures vanquished.

Vanquished Creatures (others)
  3 fungi (Lair:2)
  11 plants
14 creatures vanquished.

Grand Total: 338 creatures vanquished

Notes
Turn   | Place    | Note
-------+----------+-------------------------------------------
     0 | D:1      | JeffiDaFish the Deep Elf Fire Elementalist began the quest for the Orb.
     0 | D:1      | Reached XP level 1. HP: 10/10 MP: 6/6
   101 | D:1      | Reached XP level 2. HP: 15/15 MP: 1/8
   946 | D:2      | Reached XP level 3. HP: 19/19 MP: 3/10
  1190 | D:2      | Found a white marble altar of Elyvilon.
  1460 | D:2      | Reached skill level 4 in Spellcasting
  1739 | D:3      | Reached XP level 4. HP: 15/24 MP: 2/12
  2433 | D:3      | Learned a level 3 spell: Conjure Flame
  2438 | D:3      | Learned a level 4 spell: Sticky Flame
  2509 | D:4      | Noticed jondd19's ghost (amateur SpAs)
  2650 | D:4      | Reached XP level 5. HP: 22/28 MP: 4/14
  2720 | D:4      | Found a basalt altar of Yredelemnul.
  2789 | D:4      | Found Wikoatin's Jewellery Emporium.
  2792 | D:4      | Bought a +1 ring of protection for 33 gold pieces
  2806 | D:4      | Killed jondd19's ghost
  2806 | D:4      | Reached skill level 5 in Spellcasting
  2806 | D:4      | Reached XP level 6. HP: 32/32 MP: 6/16
  2929 | D:4      | Learned a level 5 spell: Fireball
  3086 | D:4      | Reached skill level 6 in Spellcasting
  3597 | D:5      | Entered Level 5 of the Dungeon
  3614 | D:5      | Noticed a two-headed ogre
  3630 | D:5      | Killed a two-headed ogre
  3630 | D:5      | Reached skill level 5 in Dodging
  3630 | D:5      | Reached skill level 7 in Spellcasting
  3630 | D:5      | Reached skill level 5 in Conjurations
  3630 | D:5      | Reached skill level 5 in Fire Magic
  3630 | D:5      | Reached XP level 7. HP: 12/36 MP: 6/20
  3630 | D:5      | Reached XP level 8. HP: 14/41 MP: 6/21
  4059 | D:5      | Reached skill level 8 in Spellcasting
  4487 | D:5      | Got a bound golden ring
  4488 | D:5      | Identified the ring "Tofodaxi" {rCorr rC+++ Int+3 Stlth-} (You found it on level 5 of the Dungeon)
  4534 | D:5      | Found a sparkling altar of Nemelex Xobeh.
  5185 | D:6      | Found an ancient bone altar of Kikubaaqudgha.
  5298 | D:6      | Reached skill level 9 in Spellcasting
  5324 | D:6      | Found a staircase to the Ecumenical Temple.
  5337 | Temple   | Entered the Ecumenical Temple
  5714 | Temple   | Became a worshipper of Sif Muna the Loreminder
  6102 | D:6      | Found a runed door.
  6106 | D:6      | Noticed Crazy Yiuf
  6108 | D:6      | Killed Crazy Yiuf
  6108 | D:6      | Reached XP level 9. HP: 45/45 MP: 17/24
  6262 | D:7      | Noticed Joseph
  6275 | D:7      | Killed Joseph
  6458 | D:7      | Reached * piety under Sif Muna
  6458 | D:7      | Reached skill level 10 in Spellcasting
  6685 | D:7      | Found a shattered altar of Ashenzari.
  6764 | D:7      | Gained mutation: You are partially covered in large bone plates. (SH +4) [potion of mutation]
  6764 | D:7      | Gained mutation: Your flesh is heat resistant. (rF+) [potion of mutation]
  7113 | D:8      | Paralysed by an orc wizard for 6 turns
  7126 | D:8      | Reached skill level 1 in Shields
  7941 | D:8      | Found a glowing silver altar of Zin.
  8060 | D:8      | Reached ** piety under Sif Muna
  8060 | D:8      | Reached skill level 11 in Spellcasting
  8060 | D:8      | Reached XP level 10. HP: 50/50 MP: 24/27
  8133 | D:8      | Found a snail-covered altar of Cheibriados.
  8134 | D:8      | Found an ancient bone altar of Kikubaaqudgha.
  8513 | D:9      | Found a blossoming altar of Fedhas.
  8513 | D:9      | Found a burning altar of Makhleb.
  8890 | D:9      | Found an iron altar of Okawaru.
  9002 | D:9      | Noticed a two-headed ogre
  9009 | D:9      | Killed a two-headed ogre
  9883 | D:9      | Found a staircase to the Orcish Mines.
 10217 | D:10     | Entered Level 10 of the Dungeon
 10630 | D:10     | Noticed a two-headed ogre
 10637 | D:10     | Killed a two-headed ogre
 10637 | D:10     | Reached *** piety under Sif Muna
 10637 | D:10     | Reached skill level 12 in Spellcasting
 10637 | D:10     | Reached skill level 10 in Conjurations
 11083 | D:10     | Reached XP level 11. HP: 54/54 MP: 29/29
 11084 | D:10     | Noticed a three-headed hydra
 11093 | D:10     | Killed a three-headed hydra
 11235 | D:10     | Found Oggaut's Assorted Antiques.
 11243 | D:10     | Bought a runed helmet for 195 gold pieces
 11243 | D:10     | Bought a scroll of enchant armour for 195 gold pieces
 11674 | D:11     | Noticed a two-headed ogre
 11681 | D:10     | Killed a two-headed ogre
 12069 | D:11     | Reached **** piety under Sif Muna
 12247 | D:11     | Reached skill level 13 in Spellcasting
 12478 | D:11     | Noticed a two-headed ogre
 12484 | D:11     | Killed a two-headed ogre
 12491 | D:11     | Noticed a purple ugly thing
 12502 | D:11     | Killed a purple ugly thing
 12527 | D:11     | Learned a level 3 spell: Confuse
 12677 | D:11     | Found a portal to a secret trove of treasure.
 12789 | D:11     | Found a staircase to the Lair.
 12960 | Lair:1   | Entered Level 1 of the Lair of Beasts
 13075 | Lair:1   | Noticed Harold
 13091 | Lair:1   | Killed Harold
 13091 | Lair:1   | Reached skill level 1 in Hexes
 13217 | Lair:1   | Noticed Gastronok
 13250 | Lair:1   | Killed Gastronok
 13250 | Lair:1   | Reached XP level 12. HP: 52/59 MP: 5/31
 13258 | Lair:1   | Reached ***** piety under Sif Muna
 13999 | Lair:2   | Reached skill level 14 in Spellcasting
 14060 | Lair:2   | Received a gift from Sif Muna
 14374 | Lair:2   | Reached skill level 10 in Fire Magic
 14482 | Lair:2   | Reached skill level 10 in Dodging
 15640 | Lair:3   | Found a frozen archway.
 15780 | IceCv    | Entered an ice cave
 15865 | IceCv    | Reached skill level 5 in Hexes
 15921 | IceCv    | Received a gift from Sif Muna
 15921 | IceCv    | Reached skill level 15 in Spellcasting
 15930 | IceCv    | Learned a level 4 spell: Force Lance
 16326 | IceCv    | Slain by a freezing wraith

Vault maps used:
D:1:      dpeg_arrival_simpleton_c, serial_park_tiny_1
D:2:      elyvilon_altar_3
D:4:      yredelemnul_altar_generic, serial_shops, nicolae_shop_behind_doors
D:5:      first_ration, nemelex_dance_club_becter
D:6:      temple_green, basic_altar, grunt_decor_one_mirror,
          uniq_crazy_yiuf_cottage
D:7:      basic_altar, uniq_joseph
D:8:      kennysheep_mini_moat, chequers_temple_overflow_statue_of_worship
D:9:      grunt_temple_overflow_open, okawaru_ov_weapons_minmay, orc_0_dummy
D:10:     serial_shops, shop, hangedman_ranch, minmay_stone_trees_medium,
          minmay_lizard_king
D:11:     lair_entry_dummy, enter_trove_6, hangedman_decor_clover_reticule
Temple:   regret_index_temple_generic_petals
Lair:1:   grunt_megastairs_3, uniq_harold, uniq_gastronok
Lair:2:   minmay_lair_oklob_chamber
Lair:3:   swamp_mist, portal_ice_cave_entry_imps, infiniplex_staircase_pool
IceCv:    ice_cave_small_necro

Skill      XL: |  1  2  3  4  5  6  7  8  9 10 11 12 |
---------------+-------------------------------------+-----
Dodging        | 3 5 6 7 8 9 10 | 10.4
Conjurations   | 2 3 5 7 9 10 11 12 | 12.7
Spellcasting   | 4 5 7 9 11 12 13 15 | 15.0
Fire Magic     | 4 5 6 7 8 9 10 | 10.9
Shields        | 1 3 4 |  4.0
Hexes          | 2 5 |  5.2
Stealth        | |  2.4

Action                   |  1- 3 |  4- 6 |  7- 9 | 10-12 || total
-------------------------+-------+-------+-------+-------++-------
Melee: Spear             |    35 |    57 |    20 |       ||   112
       Dagger            |       |       |    18 |   110 ||   128
       Unarmed           |       |       |       |     2 ||     2
 Cast: Flame Tongue      |    53 |    52 |   129 |   107 ||   341
       Sticky Flame      |       |     7 |    15 |    75 ||    97
       Conjure Flame     |       |     1 |       |     3 ||     4
       Fireball          |       |       |    23 |   145 ||   168
       Confuse           |       |       |       |     6 ||     6
Invok: Divine Energy     |       |       |     1 |       ||     1
  Use: Potion            |     4 |     4 |     4 |     5 ||    17
       Scroll            |     8 |     2 |     8 |    11 ||    29
 Stab: Sleeping          |     2 |     4 |       |       ||     6
       Invisible         |       |     2 |       |       ||     2
  Eat: Chunk             |     2 |     6 |    14 |    21 ||    43
       Ration            |       |       |     1 |     3 ||     4
Armor: Robe              |     5 |    11 |    18 |    42 ||    76
Dodge: Dodged            |    29 |    41 |    59 |   169 ||   298
Block: Other             |       |       |     6 |    17 ||    23
       Buckler           |       |       |       |    61 ||    61

Table legend:
 A = Spawn XP
 B = Non-spawn XP
 C = Spawn XP percentage of total XP
 D = Spawn monster count
 E = Non-spawn monster count
 F = Spawn count percentage of total count
 G = Total turns spent on level
                    A         B        C        D         E        F      G
               +---------+---------+-------+---------+---------+-------+---------
         Total |       0 |   36930 |   0.0 |       0 |     320 |   0.0 | 16326
               +---------+---------+-------+---------+---------+-------+---------
           D:1 |       0 |      28 |   0.0 |       0 |      16 |   0.0 |   922
           D:2 |       0 |      54 |   0.0 |       0 |      17 |   0.0 |   789
           D:3 |       0 |      41 |   0.0 |       0 |      13 |   0.0 |   912
           D:4 |       0 |     525 |   0.0 |       0 |      14 |   0.0 |  1197
           D:5 |       0 |    1253 |   0.0 |       0 |      15 |   0.0 |  1014
           D:6 |       0 |     925 |   0.0 |       0 |      25 |   0.0 |   989
           D:7 |       0 |    1206 |   0.0 |       0 |      13 |   0.0 |   747
           D:8 |       0 |    1665 |   0.0 |       0 |      30 |   0.0 |  1548
           D:9 |       0 |    2493 |   0.0 |       0 |      25 |   0.0 |  1704
          D:10 |       0 |    5489 |   0.0 |       0 |      33 |   0.0 |  1691
          D:11 |       0 |    3711 |   0.0 |       0 |      27 |   0.0 |  1052
        Lair:1 |       0 |    6162 |   0.0 |       0 |      17 |   0.0 |   992
        Lair:2 |       0 |    9268 |   0.0 |       0 |      40 |   0.0 |  1674
        Lair:3 |       0 |     587 |   0.0 |       0 |      15 |   0.0 |   154
         IceCv |       0 |    3523 |   0.0 |       0 |      20 |   0.0 |   546
               +---------+---------+-------+---------+---------+-------+---------
